 Dungeon Crawl Stone Soup version 0.29-a0-666-g26d293caef (webtiles) character file.

Game seed: 11372988848135332577

50 MeArio the Shield-Bearer (level 3, -5/33 HPs)
             Began as a Minotaur Fighter on June 23, 2022.
             Killed by nerve-wracking pain
             ... invoked by a shadow imp
              (11 damage)
             ... on level 3 of the Dungeon.
             The game lasted 00:03:39 (1422 turns).

MeArio the Shield-Bearer (Minotaur Fighter)         Turns: 1422, Time: 00:03:40

Health: -5/33      AC:  7    Str: 22    XL:     3   Next: 55%
Magic:  2/2        EV:  9    Int:  5    God:
Gold:   43         SH:  4    Dex:  9    Spells: 2/2 levels left

rFire   . . .      SeeInvis .   a - +1 long sword
rCold   . . .      Faith    .   c - +0 buckler
rNeg    . . .      Spirit   .   b - +0 scale mail
rPois   .          Reflect  .   (helmet restricted)
rElec   .          Harm     .   (no cloak)
rCorr   .          Rampage  .   (no gloves)
Will    .....                   (no boots)
Stlth   ..........              (no amulet)
HPRegen 0.11/turn               (no ring)
MPRegen 0.08/turn               (no ring)

@: no status effects
A: horns 2, retaliatory headbutt
a: no special abilities


You were on level 3 of the Dungeon.
You visited 1 branch of the dungeon, and saw 3 of its levels.

You collected 71 gold pieces.
You spent 28 gold pieces at shops.

Inventory:

Hand Weapons
 a - a +1 long sword (weapon)
Missiles
 k - a throwing net (quivered)
Armour
 b - a +0 scale mail (worn)
 c - a +0 buckler (worn)
Wands
 f - a wand of light (2)
Scrolls
 l - 2 scrolls of identify
Potions
 d - a potion of might
 e - a potion of cancellation {unknown}
 h - a potion of curing
 i - a potion of brilliance
 n - a potion of attraction


   Skills:
 + Level 4.1 Fighting
 + Level 3.1 Long Blades
 + Level 4.2 Armour
 + Level 4.2 Shields


You had 2 spell levels left.
You didn't know any spells.
Your spell library was empty.

Dungeon Overview and Level Annotations

Branches:
Dungeon (3/15)

Altars:

Shops:
D:1 *

Annotations:
D:3 1 transporter


Innate Abilities, Weirdness & Mutations

You have a pair of horns on your head.
You reflexively headbutt those who attack you in melee.


Message History

Found a transporter.
You now have 43 gold pieces (gained 11).
Found an escape hatch in the floor.
Found a stone staircase leading down.
An endoplasm comes into view.
The endoplasm quivers.
The shadow imp shouts, "Fly, thou weedy limp-willed gnoll-tail!"
The endoplasm freezes you.
You are frozen.
The endoplasm attacks as you move away! The endoplasm closely misses you.
You hit the endoplasm. You headbutt the endoplasm.
You kill the endoplasm!
You start resting.
The shadow imp laughs crazily.
The shadow imp shouts, "Despair, thou bootless rude-growing pumpion!"
HP restored.
The orc priest shouts!
There is a transporter here.
The shadow imp shouts, "Scamper hence, thou infectious hell-hated vassal!"
There is a transporter here.
You enter the transporter and appear at another place.
The shadow imp puffs mist at you.
f - a wand of light (2)
There are no items here.
You open the door.
The orc priest looks satisfied for a moment.
There is an open door here.
The orc priest casts a cantrip, but nothing happens.
You enter the shallow water.
Moving in this stuff is going to be slow.
The orc priest looks braver for a moment.
The shadow imp gestures at you. Pain shoots through your body!
The shadow imp gestures at you. Pain shoots through your body!
The orc priest calls down the wrath of Beogh upon you.
Pain shoots through your body!
* * * LOW HITPOINT WARNING * * *
The orc priest miscasts a cantrip.
The shadow imp gestures at you. Pain shoots through your body!
You die...

#..........##......
...................
#.....©............
#.#########..#.....
#.#8P$©$P8#..# ....
#.#≈..(..≈#..# #...
#.####+####..# .
#.#.≈...≈.#..#
#.#5≈.@.≈5#..#
#.#.≈≈≈≈≈o#..#
#.#o≈≈♣≈≈.#..#
#.#.≈P≈≈≈.#..#
#.#.≈...≈.#..#
#.#.≈...≈.#..#
#.####'####..# #
#.#P.....P#..#.#
#.#8P.©.P8#....#


You could see 2 orc priests and 2 shadow imps.

Vanquished Creatures
  An adder (D:2)
  A worm (D:2)
  2 dart slugs
  2 endoplasms
  A giant cockroach (D:2)
  A goblin (D:2)
  4 hobgoblins
  2 jackals (D:1)
  4 kobolds
  5 ball pythons
  6 bats
  2 frilled lizards
  2 rats
33 creatures vanquished.

Notes
Turn   | Place    | Note
-------+----------+-------------------------------------------
     0 | D:1      | MeArio the Minotaur Fighter began the quest for the Orb.
     0 | D:1      | Reached XP level 1. HP: 19/19 MP: 0/0
   146 | D:1      | Reached XP level 2. HP: 25/27 MP: 1/1
   376 | D:1      | Found Awnox's General Store.
   384 | D:1      | Bought a scroll of identify for 28 gold pieces
   640 | D:2      | Found a faded altar of an unknown god.
   743 | D:2      | Reached XP level 3. HP: 23/33 MP: 2/2
  1203 | D:3      | Identified the +7 mace of Utadeckaf {flame, rElec rPois rC-
                  | rCorr}
  1293 | D:3      | Found a transporter.
  1332 | D:3      | Found a transporter.
  1422 | D:3      | Killed from afar by a shadow imp

Illustrated notes

Levels and vault maps discovered:
D:1:      minmay_arrival_hallway, layout_rooms, serial_shops,
          nicolae_shop_hallway_stairs
D:2:      layout_basic, shapermc_ecumenical_altar_starsandcircs
D:3:      gammafunk_wand_slinger, layout_basic, gammafunk_temple_overflow_claw,
          gammafunk_ghost_split, grunt_ministairs_10, uniq_crazy_yiuf_cottage,
          uniq_grinder

Skill      XL: |  1  2 |
---------------+-------+-----
Shields        | 4 |  4.2
Armour         | 4 |  4.2
Fighting       | 4 |  4.1
Long Blades    | 3 |  3.1

Action                   || total
-------------------------++-------
Melee: Long sword        ||    84
       Headbutt          ||    13
  Use: Scroll            ||     9
Armor: Scale mail        ||    38
Dodge: Dodged            ||    45
Block: Buckler           ||    17

Table legend: (Time is in decaauts)
 A = Elapsed time spent in this place.
 B = Non-inter-level travel time spent in this place.
 C = Inter-level travel time spent in this place.
 D = Time resting spent in this place.
 E = Time spent auto-exploring this place.
 F = Levels seen in this place.
 G = Mean time per level.
                   A        B        C        D        E       F      G
               +--------+--------+--------+--------+--------+-----+--------+
         Total |   1449 |   1406 |     43 |     99 |    890 |   3 |  483.0 |
       Dungeon |   1449 |   1406 |     43 |     99 |    890 |   3 |  483.0 |
               +--------+--------+--------+--------+--------+-----+--------+

Top non-repeatable levels by time:
     D:2: 671 daAuts
     D:1: 585 daAuts
     D:3: 191 daAuts
